 Dungeon Crawl Stone Soup version 0.22.0-60-ga52c2fcf6e (webtiles) character file.

163 MaCx the Skirmisher (level 5, -1/50 HPs)
             Began as a Hill Orc Fighter on Sept 11, 2018.
             Slain by an orc
             ... wielding a +0 trident
              (4 damage)
             ... on level 3 of the Dungeon.
             The game lasted 00:07:14 (3430 turns).

MaCx the Skirmisher (Hill Orc Fighter)              Turns: 3430, Time: 00:07:14

Health: -1/50      AC:  8    Str: 20    XL:     5   Next: 44%
Magic:  5/5        EV:  7    Int:  8    God:
Gold:   84         SH:  9    Dex: 10    Spells: 4/4 levels left

rFire    . . .     SeeInvis .   a - +0 war axe
rCold    . . .     Gourm    .   c - +0 shield
rNeg     . . .     Faith    .   b - +0 scale mail
rPois    .         Spirit   .   (no helmet)
rElec    .         Reflect  .   (no cloak)
rCorr    .         Harm     .   (no gloves)
MR       .....                  k - +0 pair of boots
Stlth    ..........             (no amulet)
HPRegen  0.16/turn              (no ring)
MPRegen  0.09/turn              (no ring)

@: no status effects
A: no striking features
a: Convert to Beogh


You were on level 3 of the Dungeon.
You were not hungry.

You visited 1 branch of the dungeon, and saw 3 of its levels.

You collected 84 gold pieces.

Inventory:

Hand Weapons
 a - a +0 war axe (weapon)
Missiles
 l - 101 stones (quivered)
 o - a throwing net
 q - 28 poisoned needles
Armour
 b - a +0 scale mail (worn)
 c - a +0 shield (worn)
 k - a +0 pair of boots (worn)
Jewellery
 h - an uncursed ring of protection from fire {unknown}
Scrolls
 e - 3 scrolls of identify {unknown}
 g - a scroll of teleportation {unknown}
 i - 3 scrolls of amnesia {unknown}
 m - 3 scrolls of remove curse {unknown}
 p - 2 scrolls of noise {unknown}
 r - a scroll of enchant weapon {unknown}
Potions
 d - 2 potions of might
 j - a potion of degeneration {unknown}
 n - a potion of cancellation {unknown}
Comestibles
 f - 6 rations


   Skills:
 + Level 5.6 Fighting
 + Level 5.4 Axes
 - Level 3.2 Armour
 - Level 3.2 Shields


You had 4 spell levels left.
You didn't know any spells.
Your spell library was empty.

Dungeon Overview and Level Annotations

Branches:
Dungeon (3/15)

Altars:
Cheibriados
Qazlal


Message History

You closely miss the orc priest.
The orc priest is severely wounded.
The orc priest shouts, "Beogh is our master!
Accept the truth or die!"
You hit the orc. The orc priest completely misses you.
You block the orc's attack. The orc barely misses you.
You barely miss the orc priest.
The orc priest is severely wounded.
You closely miss the orc. You block the orc priest's attack.
You block the orc's attack.
The orc hits you from afar with a trident.
* * * LOW HITPOINT WARNING * * *
You closely miss the orc priest.
The orc priest is severely wounded.
You slash the orc!
You kill the orc!
The orc priest shouts, "Surrender to Beogh and we'll let you live!"
The orc priest hits you with a hand axe.
* * * LOW HITPOINT WARNING * * *
The orc hits you from afar with a trident.
You die...

#....
..#.....#
#.##.##.#
##.##
#.#.....#
#.......#
#..
........#
####.####
#.
##.##.#.#
#.# .
.#.# #.#
#.#
#####.#
#.....#
#@#####
.....o)o#
##.######


You could see an orc priest and an orc.

Vanquished Creatures
  An orc wizard (D:3)
  3 gnolls (D:2)
  4 adders (D:2)
  3 dart slugs
  2 leopard geckos (D:2)
  2 orcs (D:3)
  8 bats
  A giant cockroach (D:1)
  6 goblins
  10 hobgoblins
  5 jackals (D:1)
  A quokka (D:2)
  9 frilled lizards
  5 kobolds
  4 rats
64 creatures vanquished.

Notes
Turn   | Place    | Note
-------+----------+-------------------------------------------
     0 | D:1      | MaCx the Hill Orc Fighter began the quest for the Orb.
     0 | D:1      | Reached XP level 1. HP: 19/19 MP: 1/1
    34 | D:1      | Reached XP level 2. HP: 18/27 MP: 2/2
   740 | D:1      | Reached XP level 3. HP: 34/34 MP: 3/3
  1512 | D:2      | Found a stormy altar of Qazlal.
  1833 | D:2      | Reached XP level 4. HP: 14/41 MP: 4/4
  1961 | D:2      | Found a snail-covered altar of Cheibriados.
  2330 | D:2      | Reached skill level 5 in Fighting
  2924 | D:2      | Reached skill level 5 in Axes
  2926 | D:2      | Reached XP level 5. HP: 37/48 MP: 5/5
  3430 | D:3      | Slain by an orc

Skill      XL: |  1  2  3  4 |
---------------+-------------+-----
Axes           | 3 4 5 |  5.4
Fighting       | 4 5 |  5.6
Armour         | |  3.2
Shields        | |  3.2

Action                   |  1- 3 |  4- 6 || total
-------------------------+-------+-------++-------
Melee: War axe           |   124 |    61 ||   185
Throw: Stone             |     6 |    54 ||    60
  Eat: Chunk             |     3 |     5 ||     8
Armor: Scale mail        |    65 |    31 ||    96
Dodge: Dodged            |    57 |    17 ||    74
Block: Shield            |    72 |    28 ||   100
